 Dungeon Crawl Stone Soup version 0.26.0-10-g1f06aea511 (webtiles) character file.

Game seed: 14422774687813445664

21 jiml777 the Gusty (level 2, -2/19 HPs)
             Began as a Demonspawn Air Elementalist on Jan 14, 2021.
             Slain by a worm (6 damage)
             ... on level 2 of the Dungeon.
             The game lasted 00:06:40 (1811 turns).

jiml777 the Gusty (Demonspawn Air Elementalist)     Turns: 1811, Time: 00:06:40

Health: -2/19      AC:  2    Str:  8    XL:     2   Next: 65%
Magic:  2/5        EV: 12    Int: 16    God:
Gold:   60         SH:  0    Dex: 13    Spells: 4/5 levels left

rFire    . . .     SeeInvis .   (no weapon)
rCold    . . .     Faith    .   (no shield)
rNeg     . . .     Spirit   .   a - +0 robe
rPois    .         Reflect  .   (no helmet)
rElec    .         Harm     .   (no cloak)
rCorr    .         Rampage  .   (no gloves)
Will     .....                  (no boots)
Stlth    ++........             (no amulet)
HPRegen  0.06/turn              (no ring)
MPRegen  0.09/turn              (no ring)

@: no status effects
A: powered by death 1
a: no special abilities


You were on level 2 of the Dungeon.
You visited 1 branch of the dungeon, and saw 2 of its levels.

You collected 60 gold pieces.

Inventory:

Missiles
 e - 33 poisoned darts
Armour
 a - a +0 robe (worn)
Jewellery
 b - an uncursed amulet of faith
Scrolls
 d - a scroll of teleportation {unknown}
 i - a scroll of identify {unknown}
 k - a scroll of fog {unknown}
 l - a scroll of remove curse {unknown}
Potions
 c - a potion of curing {unknown}
 f - 2 potions of brilliance {unknown}
 g - a potion of ambrosia {unknown}
 h - a potion of mutation {unknown}
 j - a potion of flight {unknown}


   Skills:
 + Level 1.9 Dodging
 + Level 2.0 Stealth
 + Level 2.2 Spellcasting
 + Level 1.2 Conjurations
 + Level 3.1 Air Magic


You had 4 spell levels left.
You knew the following spells:

 Your Spells              Type           Power        Failure   Level
a - Shock                 Conj/Air       32%          9%          1

Your spell library contained the following spells:

 Spells                   Type           Power        Failure   Level
 Swiftness                Air            11%          9%          2
 Static Discharge         Conj/Air       8%           24%         3
 Airstrike                Air            5%           50%         4
 Lightning Bolt           Conj/Air       4%           92%         5


Dungeon Overview and Level Annotations

Branches:
Dungeon (2/15)

Altars:


Innate Abilities, Weirdness & Mutations

You regenerate a little health from kills.


Message History

Confirm with . or Enter, or press ? or * to list all spells.
Aiming: Shock (safe; 9% risk of failure)
Press: ? - help, Shift-Dir - straight line, f/p - worm
Aim: a worm (lightly wounded, 11% to evade)
The zap hits the worm.
The worm is moderately wounded.
Casting: Shock (safe; 9% risk of failure)
Confirm with . or Enter, or press ? or * to list all spells.
Aiming: Shock (safe; 9% risk of failure)
Press: ? - help, Shift-Dir - straight line, f/p - worm
Aim: a worm (moderately wounded, 11% to evade)
The zap hits the worm.
The worm is moderately wounded.
The worm completely misses you. The worm bites you! The worm bites you.
The worm bites you.
* * * LOW HITPOINT WARNING * * *
The worm bites you.
You die...

#..........#
...†......# #
.........#.#
........#.#
#.........#### #+##
#............. ....
#..w.......#.# .###
#..@.......#.#
#..........#.###.#
#.....^...†#.....#
###+##......#######
#....####.#.....#
###### #.#)#.###
#.#.#.####
#.#.#.....
#.#.######


You could see a worm.

Vanquished Creatures
  An ooze (D:1)
  A dart slug (D:2)
  2 giant cockroaches
  A goblin (D:2)
  2 hobgoblins (D:1)
  A quokka (D:2)
  3 bats
  3 frilled lizards
  2 rats (D:2)
16 creatures vanquished.

Vanquished Creatures (others)
  18 plants (D:2)
18 creatures vanquished.

Grand Total: 34 creatures vanquished

Notes
Turn   | Place    | Note
-------+----------+-------------------------------------------
     0 | D:1      | jiml777 the Demonspawn Air Elementalist began the quest for
                  | the Orb.
     0 | D:1      | Reached XP level 1. HP: 13/13 MP: 3/3
  1082 | D:1      | Reached skill level 3 in Air Magic
  1082 | D:1      | Gained mutation: You regenerate a little health from kills.
                  | [demonic ancestry]
  1082 | D:1      | Reached XP level 2. HP: 16/19 MP: 0/5
  1811 | D:2      | Slain by a worm

Illustrated notes

Levels and vault maps discovered:
D:1:      erik_arrival_cave_to_civilisation [erik_arrival_cave_to_hall],
          layout_basic, serial_bayou_lagoon_a, minivault_11, st_stairs_12
D:2:      layout_basic, ashenzari_altar_1, serial_bayou_pond_c,
          minmay_door_square

Skill      XL: |  1  2 |
---------------+-------+-----
Air Magic      | 3 |  3.1
Stealth        | 2 |  2.0
Dodging        | |  1.9
Spellcasting   | |  2.2
Conjurations   | |  1.2

Action                   || total
-------------------------++-------
Melee: Unarmed           ||     5
 Cast: Shock             ||    36
Armor: Robe              ||     4
Dodge: Dodged            ||     9
